Map: Abyssal Reef LE

Players

Uniden

  • Race: Protoss Protoss
  • League: Diamond
  • Spawn Location: 5:00

Ospak - Winner!

  • Race: Zerg Zerg
  • League: Master
  • Spawn Location: 11:00

VOD

Have the link to the VOD?

Description

Time

  • Played on: Oct. 21, 2017, 7:32 p.m.
  • Length: 9:51
Show
View Real Time Build Order
Export as new Build Order

Uniden Protoss 

Build Orders: 1 Gate Expand, Oracle Opening 

Get SALT Encoding   

  12  0:01  Probe (Chrono Boost)  
  13  0:11  Probe (Chrono Boost)  
  14  0:22  Probe (Chrono Boost)  
  14  0:26  Pylon  
  15  0:44  Probe (Chrono Boost)  
  15  0:49  Gateway  
  16  0:55  Assimilator, Probe (Chrono Boost)  
  17  1:06  Probe (Chrono Boost)  
  18  1:16  Probe (Chrono Boost)  
  19  1:28  Nexus  
  19  1:38  Cybernetics Core  
  19  1:42  Probe (Chrono Boost)  
  20  1:52  Pylon  
  20  1:53  Probe (Chrono Boost)  
  20  1:54  Assimilator  
  21  2:03  Probe (Chrono Boost)  
  22  2:14  Probe (Chrono Boost)  
  23  2:28  Nexus  
  23  2:35  Probe (Chrono Boost)  
  23  2:38  Adept (Chrono Boost)  
  23  2:39  Probe  
  26  2:44  Warp Gate  
  26  2:53  Probe  
  26  2:54  Probe  
  28  3:04  Stargate  
  28  3:06  Probe  
  28  3:08  Probe  
  30  3:17  Adept (Chrono Boost)  
  30  3:18  Probe x2  
  34  3:28  Mothership Core  
  34  3:31  Probe  
  37  3:43  Pylon, Probe  
  38  3:48  Pylon  
  38  3:50  Probe  
  39  3:56  Oracle (Chrono Boost)  
  39  3:59  Probe x2  
  44  4:04  Probe  
  45  4:10  Gateway  
  45  4:12  Probe x2 (Chrono Boost), Gateway  
  45  4:16  Probe (Chrono Boost)  
  48  4:24  Probe (Chrono Boost)  
  51  4:33  Probe  
  51  4:35  Probe  
  51  4:36  Probe  
  57  4:44  Probe  
  55  4:47  Probe  
  55  4:48  Probe  
  55  4:51  Assimilator x2  
  58  4:55  Twilight Council, Probe  
  58  4:57  Pylon, Adept  
  58  4:59  Probe  
  60  5:00  Probe  
  60  5:01  Oracle (Chrono Boost)  
  60  5:05  Probe  
  60  5:06  Pylon  
  58  5:18  Pylon  
  58  5:19  Pylon, Probe  
  58  5:20  Adept  
  58  5:21  Adept  
  61  5:23  Probe  
  61  5:24  Probe  
  59  5:31  Probe  
  59  5:34  Charge  
  56  5:46  Probe (Chrono Boost)  
  56  5:47  Probe x2 (Chrono Boost)  
  56  5:49  Adept  
  59  5:50  Adept x2  
  64  5:57  Probe (Chrono Boost)  
  64  5:58  Forge  
  64  5:59  Probe (Chrono Boost)  
  64  6:00  Probe (Chrono Boost)  
  64  6:01  Robotics Facility  
  66  6:06  Robotics Facility  
  66  6:07  Probe (Chrono Boost)  
  66  6:09  Probe (Chrono Boost)  
  69  6:12  Probe (Chrono Boost)  
  70  6:18  Probe (Chrono Boost)  
  70  6:19  Adept  
  70  6:20  Probe (Chrono Boost)  
  70  6:24  Probe (Chrono Boost)  
  74  6:29  Templar Archives  
  74  6:32  Gateway  
  74  6:33  Protoss Ground Weapons Level 1, Gateway  
  74  6:34  Probe (Chrono Boost)  
  74  6:36  Probe (Chrono Boost)  
  76  6:45  Probe (Chrono Boost)  
  73  6:54  Immortal (Chrono Boost)  
  73  6:56  Immortal (Chrono Boost)  
  73  7:00  Zealot x3  
  73  7:01  Probe (Chrono Boost)  
  84  7:07  Probe (Chrono Boost)  
  81  7:09  Probe (Chrono Boost)  
  81  7:11  Psionic Storm  
  81  7:13  Probe (Chrono Boost)  
  83  7:16  Probe (Chrono Boost)  
  83  7:17  Pylon  
  83  7:19  Assimilator  
  83  7:20  Assimilator, Pylon, Probe (Chrono Boost)  
  85  7:23  Probe  
  85  7:26  Probe  
  87  7:33  Pylon  
  87  7:35  Immortal (Chrono Boost)  
  95  7:39  Zealot  
  95  7:41  Immortal (Chrono Boost), Probe  
  95  7:43  Probe  
  99  7:45  Pylon  
  99  7:46  Probe  
  100  7:52  Probe  
  100  7:55  Probe  
  100  7:57  Zealot  
  100  7:58  Probe  
  105  8:02  Zealot x2  
  105  8:03  Zealot x2  
  105  8:14  Immortal (Chrono Boost)  
  105  8:16  High Templar  
  105  8:17  Probe  
  105  8:18  Probe x2  
  114  8:27  Probe  
  114  8:30  Probe  
  114  8:33  Stalker x2  
  114  8:34  Stalker x2  
  122  8:37  Pylon  
  122  8:38  Probe  
  122  8:39  Pylon  
  125  8:43  Forge  
  125  8:50  Pylon  
  125  8:53  Probe  
  125  8:55  Probe x2  
  128  9:02  Nexus  
  128  9:04  Probe  
  128  9:07  Probe x2  
  128  9:08  High Templar x4, Observer (Chrono Boost)  
  128  9:09  High Templar  
  138  9:32  Archon x2  
  138  9:38  Zealot  
  108  9:45  Zealot x3  
  95  9:46  Zealot  
Show
View Real Time Build Order
Export as new Build Order

Ospak Zerg - Winner!

Build Orders: Hatch First 

Get SALT Encoding   

  12  0:01  Drone  
  13  0:13  Overlord  
  13  0:23  Drone  
  14  0:33  Drone x2  
  16  0:41  Drone  
  17  0:59  Hatchery  
  16  1:07  Drone x2  
  16  1:09  Extractor  
  17  1:15  Spawning Pool  
  16  1:28  Drone  
  16  1:32  Drone  
  18  1:34  Overlord  
  18  2:00  Drone  
  19  2:03  Queen  
  19  2:05  Zergling x4  
  23  2:11  Metabolic Boost, Queen  
  25  2:21  Drone x2  
  27  2:35  Drone  
  28  2:47  Drone x2, Hatchery  
  28  2:50  Overlord  
  29  2:59  Drone x2  
  29  3:00  Drone  
  29  3:02  Drone  
  33  3:17  Drone x2  
  33  3:18  Drone x3  
  38  3:30  Zergling x8  
  38  3:34  Queen  
  42  3:37  Spore Crawler  
  42  3:39  Spore Crawler  
  42  3:40  Overlord  
  42  3:55  Drone x2  
  44  3:57  Overlord  
  44  4:10  Drone x4  
  44  4:11  Spore Crawler, Drone x4  
  44  4:16  Overlord  
  51  4:19  Queen  
  51  4:20  Overlord  
  53  4:27  Drone x2  
  53  4:41  Roach Warren  
  53  4:44  Overlord  
  53  4:45  Drone  
  53  4:46  Drone x2  
  53  4:47  Drone x3  
  53  4:48  Drone  
  53  4:50  Extractor  
  58  4:55  Overlord  
  57  5:01  Zergling x10  
  62  5:19  Drone x3  
  62  5:20  Drone  
  62  5:21  Drone x2  
  67  5:24  Extractor  
  67  5:27  Overlord x2  
  66  5:28  Drone  
  66  5:29  Drone x2, Lair  
  66  5:33  Evolution Chamber  
  67  5:48  Drone  
  67  5:49  Drone x7  
  73  5:50  Drone  
  73  5:52  Extractor  
  73  5:53  Extractor  
  71  6:01  Overlord  
  71  6:03  Roach x2  
  71  6:04  Roach x5, Hatchery  
  81  6:09  Baneling Nest  
  81  6:11  Evolution Chamber  
  82  6:18  Overlord x2  
  82  6:19  Drone  
  82  6:20  Zerg Melee Weapons Level 1  
  82  6:22  Extractor  
  82  6:26  Drone  
  83  6:32  Spore Crawler  
  83  6:36  Hydralisk Den  
  81  6:44  Roach  
  81  6:45  Roach x7  
  96  6:54  Overlord x2  
  92  6:56  Drone  
  92  6:57  Drone x6  
  97  7:01  Pneumatized Carapace  
  97  7:08  Glial Reconstitution  
  97  7:15  Muscular Augments, Drone  
  97  7:16  Drone x7  
  105  7:23  Queen  
  105  7:25  Overseer  
  107  7:34  Drone  
  107  7:35  Drone x3  
  111  7:40  Drone  
  111  7:41  Drone x4  
  111  7:42  Centrifical Hooks, Zerg Ground Armor Level 1  
  116  7:49  Overlord  
  115  8:01  Zergling x2  
  115  8:02  Zergling x24  
  104  8:14  Hydralisk x10  
  124  8:29  Overlord  
  124  8:30  Overlord  
  124  8:34  Hydralisk x4  
  118  8:36  Zergling x2  
  118  8:37  Zergling x6  
  130  8:49  Overseer  
  130  8:52  Baneling x8  
  130  8:53  Zergling x24  
  130  8:54  Zergling x2  
  143  8:59  Extractor  
  143  9:00  Zergling x2  
  143  9:01  Zergling x2  
  144  9:12  Zergling x12  
  150  9:19  Hatchery  
  146  9:34  Zergling x16  
Tags
 
Add a new tag
Caveats
  • Supply blocks, unpowered buildings, or Contaminate may cause inaccurate times.
  • Supply counts are checked every 10 seconds.